 Dungeon Crawl Stone Soup version 0.28.0-47-ge53b351184 (webtiles) character file.

Game seed: 12555963814852143872

54807 Peloso the Fencer (level 14, -22/133 HPs)
             Began as a Minotaur Fighter on May 4, 2022.
             Was the Champion of Okawaru.
             Annihilated by an orc warrior
             ... wielding a +1 long sword of holy wrath
              (25 damage)
             ... on level 2 of the Orcish Mines.
             The game lasted 00:36:59 (14754 turns).

Peloso the Fencer (Minotaur Fighter)               Turns: 14754, Time: 00:37:00

Health: -22/133    AC: 16    Str: 29    XL:     14   Next: 36%
Magic:  15/15      EV: 16    Int:  5    God:    Okawaru [******]
Gold:   1229       SH: 14    Dex: 21    Spells: 13/13 levels left

rFire   + + .      SeeInvis .   a - +5 scimitar
rCold   . . .      Faith    .   i - +0 kite shield
rNeg    + . .      Spirit   .   o - +1 scale mail of Grottiness {rF+ Dex+4}
rPois   .          Reflect  .   X - +2 hat
rElec   +          Harm     .   f - +0 cloak of Kumymoitt {*Slow rF+ Regen+}
rCorr   .          Rampage  .   (no gloves)
Will    .....                   C - +1 pair of boots
Stlth   ++........              (no amulet)
HPRegen 1.12/turn               D - +6 ring of strength
MPRegen 0.14/turn               M - ring "Odeuxtut" {rElec rN+ Dex+4 Stlth+}

@: weak-willed
A: horns 2, retaliatory headbutt
a: Renounce Religion, Heroism, Finesse, Duel


You were on level 2 of the Orcish Mines.
You worshipped Okawaru.
Okawaru was exalted by your worship.
You visited 4 branches of the dungeon, and saw 19 of its levels.
You also visited: Sewer.

You collected 1229 gold pieces.

Inventory:

Hand Weapons
 a - a +5 scimitar (weapon)
 b - a +2 dagger of flaming
 c - the +5 whip of Intuition {venom, rC+}
   (You found it on level 5 of the Dungeon)

   It poisons the flesh of those it strikes.
   rC:        It protects you from cold.
Missiles
 e - 3 throwing nets (quivered)
Armour
 f - the +0 cloak of Kumymoitt (worn) {*Slow rF+ Regen+}
   (You found it on level 2 of the Dungeon)

   rF:        It protects you from fire.
   Regen:     It increases your rate of health regeneration.
   *Slow:     It may slow you when you take damage.
 i - a +0 kite shield (worn)
 o - the +1 scale mail of Grottiness (worn) {rF+ Dex+4}
   (You found it on level 3 of the Dungeon)

   Dex:       It affects your dexterity (+4).
   rF:        It protects you from fire.
 x - the +5 scale mail of the Trees {Will- Regen+ rCorr}
   (Okawaru gifted it to you on level 12 of the Dungeon)

   Regen:     It increases your rate of health regeneration.
   rCorr:     It protects you from acid and corrosion.
   Will:      It decreases your willpower.
 y - a +0 plate armour
 C - a +1 pair of boots (worn)
 K - a +2 cloak of willpower
 R - the +0 crystal plate armour of Terror {SInv}
   (Okawaru gifted it to you on level 11 of the Dungeon)

   SInv:      It lets you see invisible.
 X - a +2 hat (worn)
 Z - a +0 pair of boots
Jewellery
 q - a ring of see invisible
 s - a ring of fire
 w - a +4 ring of protection
 D - a +6 ring of strength (left hand)
 F - a ring of positive energy
 M - the ring "Odeuxtut" (right hand) {rElec rN+ Dex+4 Stlth+}
   (You found it on level 9 of the Dungeon)

   [ring of positive energy]

   Dex:       It affects your dexterity (+4).
   rElec:     It insulates you from electricity.
   rN:        It protects you from negative energy.
   Stlth:     It makes you more stealthy.
 O - a ring of poison resistance
 U - a +6 ring of intelligence
 Y - a ring of protection from cold
Wands
 H - a wand of flame (34)
 J - a wand of iceblast (17)
 T - a wand of mindburst (9)
 V - a wand of acid (5)
 W - a wand of polymorph (7)
Scrolls
 h - a scroll of noise {unknown}
 j - 4 scrolls of fog
 k - 4 scrolls of enchant armour
 m - 4 scrolls of vulnerability
 n - a scroll of magic mapping {unknown}
 p - 5 scrolls of teleportation
 r - a scroll of amnesia
 u - 2 scrolls of silence
 A - 2 scrolls of fear {unknown}
 B - 3 scrolls of acquirement {unknown}
 E - 2 scrolls of torment {unknown}
 I - 2 scrolls of summoning {unknown}
 N - 2 scrolls of enchant weapon
 Q - a scroll of holy word
Potions
 d - a potion of might
 g - 4 potions of curing
 l - 4 potions of brilliance
 t - 5 potions of flight
 v - 2 potions of magic
 z - 4 potions of invisibility
 P - 3 potions of heal wounds
 S - a potion of resistance
Miscellaneous
 G - a phial of floods
 L - a lightning rod (4/4)


   Skills:
 + Level 14.5 Fighting
 + Level 2.8(10.7) Short Blades
 + Level 17.2(17.3) Long Blades
 + Level 12.3 Armour
 + Level 9.0 Dodging
 + Level 3.1 Stealth
 + Level 12.9 Shields
 + Level 3.5 Invocations
 + Level 0.8 Evocations


You had 13 spell levels left.
You didn't know any spells.
Your spell library contained the following spells:

 Spells                   Type           Power      Damage    Failure   Level
 Apportation              Tloc           0%         N/A       88%         1
 Freeze                   Ice            0%         1d3       88%         1
 Magic Dart               Conj           0%         1d3       88%         1
 Shock                    Conj/Air       0%         1d3       88%         1
 Ensorcelled Hibernation  Hex/Ice        0%         N/A       95%         2
 Passwall                 Tmut/Erth      0%         N/A       95%         2
 Conjure Flame            Conj/Fire      0%         6-21      99%         3
 Frozen Ramparts          Ice            0%         1d2       99%         3
 Ignite Poison            Fire/Tmut/Pois 0%         N/A       99%         3
 Mephitic Cloud           Conj/Pois/Air  0%         N/A       99%         3
 Swiftness                Air            0%         N/A       99%         3
 Airstrike                Air            0%         N/A       100%        4
 Hailstorm                Conj/Ice       0%         3d3       100%        4
 Sticky Flame             Conj/Fire      0%         2d3       100%        4
 Blade Hands              Tmut           0%         N/A       100%        5
 Iron Shot                Conj/Erth      0%         9d1       100%        6
 Animate Skeleton         Necr           Unusable   N/A       N/A         1
 Summon Small Mammal      Summ           Unusable   N/A       N/A         1
 Call Imp                 Summ           Unusable   N/A       N/A         2
 Animate Armour           Summ/Erth      Unusable   N/A       N/A         4

Dungeon Overview and Level Annotations

Branches:
Dungeon (12/15)            Temple (1/1) D:4            Lair (4/6) D:9
 Shoals (0/4) Lair:3        Snake (0/4) Lair:2          Orc (2/2) D:10
  Sewer (visited)
    Elf: Orc:2

Altars:
Ashenzari
Fedhas
Hepliaklqana
Kikubaaqudgha
Nemelex Xobeh
Okawaru
Ru
Trog
Uskayaw
Vehumet
Wu Jian
Xom
Zin
The Shining One
Beogh

Shops:
D:2 :   D:8 (   Orc:2 (


Innate Abilities, Weirdness & Mutations

You have a pair of horns on your head.
You reflexively headbutt those who attack you in melee.


Message History

Things that are here:
a +0 mace; a +1 chain mail of fire resistance; an orc corpse
There is a stone staircase leading down, spattered with blood here.
Things that are here:
a +0 dire flail; a +0 chain mail
Okay, then.
You climb downwards.
You hear a distant snort.
Hark!
There is a gateway to a gauntlet on this level.
Find the entrance quickly before the gate is sealed!
The warg bites you.
The orc knight hits you with a +0 dire flail!
The orc warlord roars a battlecry!
The orcs go into a battle-frenzy!
The orc warrior closely misses you. You furiously retaliate!
You headbutt the orc warrior! You block the orc warrior's attack.
An ogre comes into view. It is wielding a +0 giant club.
You block the orc warrior's attack. The warg closely misses you.
The orc knight hits you with a +0 dire flail!
* * * LOW HITPOINT WARNING * * *
The orc warlord roars a battlecry!
The orc warrior hits you with a +1 long sword of holy wrath!!
* * * LOW HITPOINT WARNING * * *
The orc warrior closely misses you. You furiously retaliate!
You headbutt the orc warrior.
The orc priest calls down the wrath of Beogh upon you.
Beogh smites you!
* * * LOW HITPOINT WARNING * * *
You hear a shout!
There is a stone staircase leading up, spattered with blood here.
Unknown command.
Okay, then.
You block the warg's attack. You block the orc warrior's attack.
The orc knight roars a battlecry!
The orc warlord goes into a battle-frenzy!
The orc hits you but does no damage.
The orc warrior hits you with a +0 hand axe.
* * * LOW HITPOINT WARNING * * *
The warg closely misses you. You furiously retaliate!
You headbutt the warg!
The orc warrior hits you with a +1 long sword of holy wrath!!
You die...

#. ..o ##. #...
##... .....
..... .P... .
$... ......
...#..# #......
..#.o.o#o.....o
P....oo@.......
......ooh......
............P..
.PoPPo...$...P.
..PPP.#.<......
...o..#.......#
.O...###.......


.PoP. ##..... You could see an orc warlord (strong), 2 orc knights, an orc high
priest (strong), a warg, 5 orc warriors, an ogre, an orc priest (strong) and 3
orcs.

Vanquished Creatures
  Fannar (Lair:2)
  5 hydras
  3 boulder beetles
  6 two-headed ogres
  2 death knights
  12 death yaks
  A centaur warrior (D:9)
  Urug (D:10)
  An orc high priest (D:10)
  A skeletal warrior (D:11)
  3 orc knights
  A deep elf archer (D:9)
  2 orc sorcerers
  2 ugly things
  3 cyclopes
  A wolf spider (D:9)
  2 merfolk sirens (Lair:3)
  13 elephants
  3 black mambas
  Maurice (D:8)
  2 gargoyles
  8 cane toads
  2 unseen horrors (D:12)
  3 freezing wraiths
  5 komodo dragons
  A rime drake (Lair:4)
  5 trolls
  4 hornets
  7 blink frogs
  A spriggan (Lair:1)
  4 wraiths
  A shadow (D:12)
  3 basilisks
  36 yaks
  A wyvern (D:9)
  3 steam dragons
  A vampire mosquito (D:9)
  A warg (D:10)
  An acid dragon (D:12)
  10 water moccasins
  15 orc warriors
  Pargi (Sewer)
  5 sky beasts
  An ice beast (D:6)
  4 black bears
  A necrophage (D:5)
  9 centaurs
  An ogre (D:7)
  2 phantoms
  5 wolves (Lair:4)
  8 bullfrogs
  2 kobold brigands
  A wyvern zombie (D:8)
  3 scorpions
  6 killer bees (D:9)
  3 wights (D:8)
  11 howler monkeys
  7 electric eels
  A centaur zombie (D:9)
  3 hounds
  2 jellies
  A centaur skeleton (D:7)
  A bullfrog skeleton (D:7)
  9 orc priests
  2 iguanas
  Jessica (D:2)
  A gnoll shaman (D:6)
  17 orc wizards
  6 hell rats (Lair:4)
  A killer bee zombie (D:6)
  A hound skeleton (D:4)
  A howler monkey zombie (D:6)
  Robin (D:2)
  3 gnolls (D:6)
  5 adders
  2 white imps
  An ufetubus (D:6)
  An adder skeleton (D:4)
  A worm (D:5)
  3 dart slugs
  57 orcs
  8 ball pythons
  An endoplasm (D:1)
  3 giant cockroaches
  12 goblins
  6 hobgoblins
  16 jackals
  4 quokkas
  6 bats
  4 frilled lizards (D:1)
  13 kobolds
  3 rats
445 creatures vanquished.

Vanquished Creatures (others)
  An orc wizard (D:9)
  An orc (D:10)
  A goblin (D:2)
  21 fungi
  19 plants
43 creatures vanquished.

Grand Total: 488 creatures vanquished

Notes
Turn   | Place    | Note
-------+----------+-------------------------------------------
     0 | D:1      | Peloso the Minotaur Fighter began the quest for the Orb.
     0 | D:1      | Reached XP level 1. HP: 19/19 MP: 0/0
   294 | D:1      | Reached XP level 2. HP: 24/27 MP: 1/1
   405 | D:1      | Found a faded altar of an unknown god.
   611 | D:1      | Reached XP level 3. HP: 30/33 MP: 2/2
   927 | D:2      | Identified the +0 cloak of Kumymoitt {*Slow rF+ Regen+}
   997 | D:2      | Reached skill level 3 in Long Blades
  1000 | D:2      | Noticed Robin
  1019 | D:2      | Killed Robin
  1020 | D:2      | Reached XP level 4. HP: 40/40 MP: 3/3
  1081 | D:2      | Noticed Jessica
  1098 | D:2      | Killed Jessica
  1154 | D:2      | Found Uwuurovo's Book Boutique.
  2432 | D:3      | Identified the +1 scale mail of Grottiness {rF+ Dex+4}
  2467 | D:4      | Noticed a scorpion
  2487 | D:3      | Reached skill level 5 in Shields
  2487 | D:3      | Reached XP level 5. HP: 21/47 MP: 4/4
  2491 | D:3      | Reached skill level 4 in Long Blades
  2491 | D:3      | Reached skill level 1 in Dodging
  2685 | D:4      | Noticed a phantom
  2691 | D:4      | Found a staircase to the Ecumenical Temple.
  2703 | D:4      | Killed a phantom
  2704 | D:4      | Reached skill level 5 in Armour
  2704 | D:4      | Reached XP level 6. HP: 33/55 MP: 5/5
  2804 | D:4      | Reached skill level 5 in Long Blades
  2820 | Temple   | Entered the Ecumenical Temple
  2840 | Temple   | Became a worshipper of Warmaster Okawaru
  2956 | D:4      | Reached skill level 5 in Fighting
  3288 | D:5      | Entered Level 5 of the Dungeon
  3352 | D:5      | Reached XP level 7. HP: 61/61 MP: 6/6
  3355 | D:5      | Reached skill level 6 in Long Blades
  3367 | D:5      | Reached * piety under Okawaru
  3432 | D:5      | Found an ancient bone altar of Kikubaaqudgha.
  3438 | D:5      | Identified the +5 whip of Intuition {venom, rC+}
  3462 | D:5      | Reached skill level 7 in Long Blades
  3513 | D:5      | Reached XP level 8. HP: 58/70 MP: 7/7
  3588 | D:5      | Found a glowing drain.
  3597 | Sewer    | Entered a sewer
  3619 | Sewer    | Noticed Pargi
  3624 | Sewer    | Killed Pargi
  3941 | D:5      | Found a hazy altar of Hepliaklqana.
  3947 | D:5      | Found a glowing silver altar of Zin.
  3950 | D:5      | Found a shimmering altar of Xom.
  4480 | D:6      | Reached ** piety under Okawaru
  4481 | D:6      | Reached skill level 8 in Long Blades
  4998 | D:7      | Found a hide-covered altar of Uskayaw.
  5002 | D:7      | Reached skill level 9 in Long Blades
  5252 | D:7      | Reached XP level 9. HP: 74/78 MP: 8/8
  5443 | D:7      | Reached *** piety under Okawaru
  5653 | D:7      | Reached skill level 10 in Long Blades
  5956 | D:8      | Found Teublur's Weapon Emporium.
  5971 | D:8      | You fall into a shaft and drop 3 floors!
  5971 | D:11     | Noticed a troll
  5974 | D:11     | Killed a troll
  6016 | D:10     | Entered Level 10 of the Dungeon
  6027 | D:10     | Reached **** piety under Okawaru
  6052 | D:9      | Reached skill level 11 in Long Blades
  6152 | D:8      | Noticed Maurice
  6162 | D:8      | Killed Maurice
  6196 | D:8      | Reached XP level 10. HP: 88/88 MP: 9/9
  6634 | D:9      | Reached skill level 12 in Long Blades
  6654 | D:9      | Reached ***** piety under Okawaru
  6748 | D:9      | Noticed a four-headed hydra
  6756 | D:9      | Noticed a deep elf archer
  6763 | D:9      | Killed a four-headed hydra
  6763 | D:9      | Received a gift from Okawaru
  6775 | D:9      | Killed a deep elf archer
  6776 | D:9      | Reached skill level 1 in Invocations
  6801 | D:9      | Noticed a boulder beetle
  6823 | D:9      | Killed a boulder beetle
  6824 | D:9      | Reached skill level 13 in Long Blades
  6824 | D:9      | Reached skill level 5 in Dodging
  6858 | D:9      | Identified the ring "Odeuxtut" {rElec rN+ Dex+4 Stlth+}
  7073 | D:9      | Found a bloodstained altar of Trog.
  7209 | D:9      | Noticed a death yak
  7228 | D:9      | Killed a death yak
  7229 | D:9      | Reached XP level 11. HP: 36/97 MP: 11/11
  7289 | D:9      | Found a staircase to the Lair.
  7357 | D:9      | Identified the +8 great sword "Beastslayer" {vorpal, Dex+4}
                  | (Okawaru gifted it to you on level 9 of the Dungeon)
  7357 | D:9      | Received a gift from Okawaru
  7371 | D:9      | Noticed a wolf spider
  7375 | D:9      | Killed a wolf spider
  7375 | D:9      | Noticed a centaur warrior
  7380 | D:9      | Killed a centaur warrior
  7391 | D:9      | Reached skill level 14 in Long Blades
  7729 | D:10     | Noticed a two-headed ogre
  7731 | D:10     | Killed a two-headed ogre
  7851 | D:10     | Noticed a two-headed ogre
  7854 | D:10     | Noticed a death knight
  7859 | D:10     | Killed a two-headed ogre
  7860 | D:10     | Reached skill level 10 in Fighting
  7860 | D:10     | Reached skill level 1 in Stealth
  8013 | D:10     | Noticed a two-headed ogre
  8017 | D:10     | Killed a two-headed ogre
  8095 | D:10     | Killed a death knight
  8096 | D:10     | Reached skill level 10 in Armour
  8155 | D:10     | Noticed Urug
  8168 | D:10     | Killed Urug
  8187 | D:10     | Noticed an orc knight
  8355 | D:9      | Killed an orc knight
  8438 | D:10     | Noticed an orc knight
  8504 | D:9      | Killed an orc knight
  8504 | D:9      | Reached ****** piety under Okawaru
  8530 | D:10     | Found a staircase to the Orcish Mines.
  8985 | D:11     | Noticed a boulder beetle
  8998 | D:11     | Killed a boulder beetle
  8999 | D:11     | Reached XP level 12. HP: 104/110 MP: 10/12
  9053 | D:11     | Reached skill level 15 in Long Blades
  9192 | D:11     | Noticed a two-headed ogre
  9201 | D:11     | Killed a two-headed ogre
  9260 | D:11     | Found an ornate altar of the Wu Jian Council.
  9419 | D:11     | Identified the +0 crystal plate armour of Terror {SInv}
                  | (Okawaru gifted it to you on level 11 of the Dungeon)
  9419 | D:11     | Received a gift from Okawaru
  9851 | Lair:1   | Entered Level 1 of the Lair of Beasts
 10057 | Lair:1   | Noticed a six-headed hydra
 10068 | Lair:1   | Killed a six-headed hydra
 10856 | Lair:2   | Reached skill level 10 in Shields
 10919 | Lair:2   | Found a staircase to the Snake Pit.
 11061 | Lair:2   | Received a gift from Okawaru
 11062 | Lair:2   | Reached skill level 16 in Long Blades
 11086 | Lair:2   | Noticed Fannar
 11106 | Lair:2   | Killed Fannar
 11107 | Lair:2   | Reached XP level 13. HP: 78/119 MP: 12/14
 11331 | Lair:2   | Reached skill level 1 in Short Blades
 12105 | Lair:3   | Found a staircase to the Shoals.
 12115 | Lair:3   | Received a gift from Okawaru
 12254 | Lair:3   | Identified the +3 mace "Rohodwy" {freeze, rN+}
 13251 | Lair:4   | Reached XP level 14. HP: 132/132 MP: 12/15
 13747 | D:11     | Reached skill level 17 in Long Blades
 14020 | D:12     | Identified the +5 scale mail of the Trees {Will- Regen+
                  | rCorr} (Okawaru gifted it to you on level 12 of the
                  | Dungeon)
 14020 | D:12     | Received a gift from Okawaru
 14338 | Orc:1    | Entered Level 1 of the Orcish Mines
 14340 | Orc:1    | Paralysed by an orc sorcerer for 7 turns
 14349 | D:10     | Paralysed by an orc sorcerer for 7 turns
 14715 | Orc:2    | Entered Level 2 of the Orcish Mines
 14715 | Orc:2    | Found Mudgheah's Antique Weapon Shop.
 14717 | Orc:2    | Noticed an orc warlord
 14753 | Orc:2    | HP: 5/133 [orc priest/divine providence (11)]
 14754 | Orc:2    | Annihilated by an orc warrior

Illustrated notes

Levels and vault maps discovered:
D:1:      sevenhm_arrival_forest_fort_large_4, layout_basic,
          ebering_ecumenical_altar_sacrificial
D:2:      layout_loops_ring, serial_shops, shop, uniq_robin, uniq_jessica
D:3:      layout_basic
D:4:      layout_loops_cross, minmay_temple_entry_hall, nrook_mini_vaults,
          serial_bayou_pond_e
D:5:      layout_cave_pools, kiku_gazebo_pond_becter,
          minmay_overflow_temple_star_quad, gup_sewer_entry_bubbles,
          kennysheep_decorative_pillar, roderic_lattice_a
D:6:      layout_cave_pools, serial_park, serial_park_paths
          [serial_park_minivault_5x5_7], serial_park_gazebo
          [serial_park_minivault_5x5_7], serial_park_tiny_2, serial_park_square1
          [serial_park_minivault_5x5_3]
D:7:      layout_loops_cross, mainiacjoe_overflow_concentric_impassable,
          minivault_1, grunt_ministairs_12, chequers_jeans
D:8:      layout_loops_ring, serial_shops, shop, serial_bayou_pond_e,
          nicolae_figureground_pulse, uniq_maurice
D:9:      minmay_chopped_fan, layout_gridville, mainiacjoe_overflow_brackets,
          david_lair_generic
D:10:     layout_loops_ring, david_orc_5, serial_bayou, serial_bayou_pond_b,
          serial_bayou_pond_c, serial_bayou_pond_e, serial_bayou_crossing,
          uniq_urug
D:11:     layout_loops_ring, nicolae_wu_jian_wuxing_cycle
D:12:     layout_rooms
Temple:   compressed_dpeg_circular_temple
Lair:1:   layout_hall_layers, grunt_forest_large_clearing_hut,
          grunt_megastairs_1
Lair:2:   layout_roguey, dummy_snake_entry, beast_lair_carwin_6,
          serial_bayou_shore_a, uniq_fannar
Lair:3:   layout_chaotic_city, elwin_shoals_entry_rooms, serial_bayou_shore_b,
          grunt_megastairs_2
Lair:4:   layout_roguey
Orc:1:    layout_caves
Orc:2:    grunt_orc_gardens, layout_diamond_mine, grunt_orc_garden,
          grunt_orc_garden, grunt_orc_garden, grunt_orc_garden,
          gauntlet_entry_generic, basic_altar, uniq_sonja

Skill      XL: |  1  2  3  4  5  6  7  8  9 10 11 12 13 14 |
---------------+-------------------------------------------+-----
Armour         | 4 5 6 7 8 9 10 11 12 | 12.3
Fighting       | 4 5 6 7 9 11 12 14 | 14.5
Shields        | 4 5 6 7 8 10 12 | 12.9
Long Blades    | 3 4 5 7 9 11 13 14 16 17 | 17.2
Dodging        | 1 2 3 4 5 6 7 8 9 |  9.0
Invocations    | 1 2 3 |  3.5
Stealth        | 1 2 3 |  3.1
Short Blades   | 2 |  2.8
Evocations     | |  0.8

Action                   |  1- 3 |  4- 6 |  7- 9 | 10-12 | 13-15 || total
-------------------------+-------+-------+-------+-------+-------++-------
Melee: Long sword        |    88 |   138 |   226 |       |       ||   452
       Headbutt          |     7 |    20 |    44 |   119 |   147 ||   337
       Scimitar          |       |       |    38 |   500 |   420 ||   958
       Dagger            |       |       |       |    13 |    30 ||    43
Invok: Heroism           |       |       |     2 |    22 |    13 ||    37
Evoke: Wand              |       |       |     2 |     1 |       ||     3
  Use: Potion            |     4 |       |       |     2 |       ||     6
       Scroll            |       |       |     6 |     1 |     9 ||    16
 Stab: Sleeping          |       |       |       |     1 |     1 ||     2
       Distracted        |       |       |       |     1 |       ||     1
Armor: Scale mail        |    63 |    79 |   127 |   124 |   185 ||   578
Dodge: Dodged            |    49 |    70 |   125 |   250 |   245 ||   739
Block: Buckler           |    25 |    33 |    62 |   163 |    19 ||   302
       Kite shield       |       |       |       |       |   263 ||   263
